 Dungeon Crawl Stone Soup version 0.28.0-45-g0d030f2227 (webtiles) character file.

Game seed: 3811672774959674319

22 zeratav the Insei (level 2, -1/18 HPs)
             Began as an Octopode Transmuter on Apr 8, 2022.
             Slain by a jackal (3 damage)
             ... on level 1 of the Dungeon.
             The game lasted 00:00:43 (828 turns).

zeratav the Insei (Octopode Transmuter)              Turns: 828, Time: 00:00:44

Health: -1/18      AC:  1    Str:  9    XL:     2   Next: 91%
Magic:  5/5        EV: 13    Int: 15    God:
Gold:   21         SH:  0    Dex: 12    Spells: 4/5 levels left

rFire   . . .      SeeInvis .     - Unarmed
rCold   . . .      Faith    .   (no shield)
rNeg    . . .      Spirit   .   (helmet restricted)
rPois   .          Reflect  .   (no amulet)
rElec   .          Harm     .   (no ring)
rCorr   .          Rampage  .   (no ring)
Will    .....                   (no ring)
Stlth   +++.......              (no ring)
HPRegen 0.06/turn               (no ring)
MPRegen 0.09/turn               (no ring)
                                (no ring)
                                (no ring)

@: no status effects
A: almost no armour, amphibious, 8 rings, camouflage 1, gelatinous body 1,
(nimble swimmer 1), tentacles
a: no special abilities


You were on level 1 of the Dungeon.
You visited 1 branch of the dungeon, and saw 1 of its levels.

You collected 21 gold pieces.


Innate Abilities, Weirdness & Mutations

You cannot wear most types of armour.
You are amphibious.
You can wear up to eight rings at the same time.
Your skin changes colour to match your surroundings (Stealth+).
Your rubbery body absorbs attacks. (AC +1, EV +1)
((You are camouflaged when in or above water. (Stealth+)))
You have tentacles for arms and can constrict up to eight enemies at once.


   Skills:
 + Level 1.4 Fighting
 + Level 2.2 Dodging
 + Level 1.4 Stealth
 * Level 3.4 Unarmed Combat
 - Level 2.0 Spellcasting
 - Level 2.0 Transmutations


You had 4 spell levels left.
You knew the following spells:

 Your Spells              Type           Power      Damage    Failure   Level
a - Beastly Appendage     Tmut           14%        N/A       10%         1

Your spell library contained the following spells:

 Spells                   Type           Power      Damage    Failure   Level
 Wereblood                Tmut           7%         N/A       14%         2
 Spider Form              Tmut/Pois      4%         N/A       41%         3
 Gell's Gravitas          Tloc           1%         N/A       54%         3
 Lesser Beckoning         Tloc           1%         N/A       54%         3
 Teleport Other           Tloc           1%         N/A       54%         3
 Ice Form                 Ice/Tmut       4%         N/A       82%         4

Inventory:

Scrolls
 a - a scroll of identify {unknown}

Dungeon Overview and Level Annotations

Branches:
Dungeon (1/15)

Altars:

#..# ###..#
##....######. #
#.....†...... .
#............ ##
#.....#...... .
##hB.r.....># #
##h###..#.## # #@#
#..# # #.##### #.#
#..# #.....) #.#
#..# ####### #.#
#..# #
#.###..###########
#.................
#..##..#######.###
#..##..# ####.###
#..##..####.......


You could see 2 jackals and a giant cockroach.


Message History

The slug dart hits you.
HP[-2]
You take 2 damage, and now have 16/18 hp.
You tentacle-slap the dart slug.
You kill the dart slug!
No target in view!
No target in view!
No target in view!
No target in view!
No target in view!
No target in view!
No target in view!
No target in view!
No target in view!
No target in view!
No target in view!
Your transformation is almost over.
Your tentacle spike disappears.
a - a scroll labelled JEKIWA FAED PAIC HP[+2] MP[+1]
Your hp is fully restored (18).
Your mp is fully restored (5). 2 jackals and a rat come into view.
One of your tentacles grows a vicious spike.
MP[-1]
You lost 1 mp, and now have 4/5 mp.
A jackal and a quokka come into view.
Found a stone staircase leading down.
The quokka barely misses you.
You barely miss the quokka. You grab the quokka.
You pierce the quokka.
You squeeze the quokka.
You kill the quokka!
The rat barely misses you.
You barely miss the rat. Your grab misses the rat.
You pierce the rat.
You squeeze the rat.
You kill the rat!
The helpless jackal fails to defend itself.
You tentacle-slap the jackal. Your grab misses the jackal.
Your tentacle spike misses the jackal.
Your transformation is almost over.
The jackal barks! x2
The jackal completely misses you. The jackal closely misses you.
You barely miss the jackal. Your grab misses the jackal.
You pierce the jackal.
The jackal bites you. The jackal barely misses you.
A giant cockroach comes into view.
HP[-2]
You take 2 damage, and now have 16/18 hp.
You tentacle-slap the jackal. Your grab misses the jackal.
The jackal bites you. The jackal closely misses you. The jackal bites you.
HP[-4]
You take 4 damage, and now have 12/18 hp.
MASSIVE DAMAGE!! (PAUSE)
You tentacle-slap the jackal.
You kill the jackal!
The jackal barely misses you. The jackal bites you.
* * * LOW HITPOINT WARNING * * *
A rat comes into view.
The jackal bites you.
* * * LOW HITPOINT WARNING * * *
You closely miss the jackal. Your grab misses the jackal.
You pierce the jackal, but do no damage.
The jackal closely misses you. x2; The jackal barely misses you.
You closely miss the jackal. Your grab misses the jackal.
Your tentacle spike misses the jackal.
The jackal closely misses you. The jackal misses you.
You closely miss the jackal. Your grab misses the jackal.
You pierce the jackal.
The jackal misses you. The jackal bites you.
* * * LOW HITPOINT WARNING * * *
The jackal barely misses you. The jackal closely misses you.
You closely miss the jackal. Your grab misses the jackal.
The jackal closely misses you. The jackal misses you.
The giant cockroach barely misses you.
HP[-7] MP[+1]
You take 7 damage, and now have 5/18 hp.
MASSIVE DAMAGE!! (PAUSE)
Your mp is fully restored (5).
You tentacle-slap the jackal. Your grab misses the jackal.
Your tentacle spike disappears.
The jackal bites you.
* * * LOW HITPOINT WARNING * * *
The jackal misses you. The giant cockroach misses you.
You are too injured to fight recklessly!
HP[-3]
You take 3 damage, and now have 2/18 hp.
You are too injured to fight recklessly!
You are too injured to fight recklessly!
You are too injured to fight recklessly!
You are too injured to fight recklessly!
You are too injured to fight recklessly!
You are too injured to fight recklessly!
You are too injured to fight recklessly!
You are too injured to fight recklessly!
You are too injured to fight recklessly!
The jackal bites you but does no damage.
The jackal barely misses you. The jackal bites you.
* * * LOW HITPOINT WARNING * * *
HP[-1]
You take 1 damage, and now have 1/18 hp.
The jackal bites you.
You die...

Skill      XL: |  1  2 |
---------------+-------+-----
Stealth        | 1 |  1.4
Fighting       | |  1.4
Dodging        | |  2.2
Unarmed Combat | |  3.4
Spellcasting   | |  2.0
Transmutations | |  2.0

Action                   || total
-------------------------++-------
Melee: Unarmed           ||    38
       Kick              ||    12
       Constrict         ||     9
       Tentacles         ||     7
       Punch             ||     1
 Cast: Beastly Appendage ||     9
 Stab: Sleeping          ||     1
Armor: Skin              ||     2
Dodge: Dodged            ||    39

Levels and vault maps discovered:
D:1:      lightli_arrival_lavapool, layout_loops_ring,
          ebering_ecumenical_altar_ruins

Notes
Turn   | Place    | Note
-------+----------+-------------------------------------------
     0 | D:1      | zeratav the Octopode Transmuter began the quest for the
                  | Orb.
     0 | D:1      | Reached XP level 1. HP: 13/13 MP: 3/3
     0 | D:1      | magus.rc [v1.9.6]
     3 | D:1      | You pick up a book of Changes and begin reading...
    86 | D:1      | You pick up a book of Displacement and begin reading...
    86 | D:1      | You add the spells Lesser Beckoning, Gell's Gravitas and
                  | Teleport Other to your library.
   606 | D:1      | Reached XP level 2. HP: 12/18 MP: 3/5
   710 | D:1      | Reached skill level 1 in Stealth
   824 | D:1      | HP: 2/18 [jackal (3)]
   828 | D:1      | Slain by a jackal

Vanquished Creatures
  3 dart slugs (D:1)
  2 goblins (D:1)
  A jackal (D:1)
  2 quokkas (D:1)
  3 ball pythons (D:1)
  3 kobolds (D:1)
  A rat (D:1)
15 creatures vanquished.

Table legend:
 A = Non-vault XP
 B = Vault XP
 C = Vault XP percentage of total XP
 D = Non-vault monster count
 E = Vault monster count
 F = Vault count percentage of total count
                 A         B        C        D         E       F
            +---------+---------+-------+---------+---------+-------
      Total |      32 |       0 |   0.0 |      15 |       0 |   0.0
            +---------+---------+-------+---------+---------+-------
        D:1 |      32 |       0 |   0.0 |      15 |       0 |   0.0
            +---------+---------+-------+---------+---------+-------

Illustrated notes

Table legend:
 A = Kills in this place as a percentage of kills in entire the game.
 B = Kills by you in this place as a percentage of kills by you in the entire game.
 C = Kills by friends in this place as a percentage of kills by friends in the entire game.
 D = Other kills in this place as a percentage of other kills in the entire game.
 E = Experience gained in this place as a percentage of experience gained in the entire game.
 F = Experience gained in this place divided by the number of levels of this place that you have seen.
                   A       B       C       D       E      F
               +-------+-------+-------+-------+-------+----------------------
         Total | 100.0 | 100.0 |   N/A |   N/A | 100.0 |  32.0
       Dungeon | 100.0 | 100.0 |   N/A |   N/A | 100.0 |  32.0
               +-------+-------+-------+-------+-------+----------------------

Table legend: (Time is in decaauts)
 A = Elapsed time spent in this place.
 B = Non-inter-level travel time spent in this place.
 C = Inter-level travel time spent in this place.
 D = Time resting spent in this place.
 E = Time spent auto-exploring this place.
 F = Levels seen in this place.
 G = Mean time per level.
                   A        B        C        D        E       F      G
               +--------+--------+--------+--------+--------+-----+--------+
         Total |    825 |    825 |      0 |      0 |    726 |   1 |  825.0 |
       Dungeon |    825 |    825 |      0 |      0 |    726 |   1 |  825.0 |
               +--------+--------+--------+--------+--------+-----+--------+

Top non-repeatable levels by time:
     D:1: 825 daAuts
